 Dungeon Crawl Stone Soup version 0.28.0 (webtiles) character file.

Game seed: 6754543932083831055

186 Sanktem7 the Chiller (level 5, -1/37 HPs)
             Began as a Gnoll Ice Elementalist on Feb 8, 2022.
             Killed by divine providence
             ... invoked by an orc priest
              (12 damage)
             ... on level 4 of the Dungeon.
             The game lasted 00:06:47 (3441 turns).

Sanktem7 the Chiller (Gnoll Ice Elementalist)       Turns: 3441, Time: 00:06:48

Health: -1/37      AC:  7    Str:  8    XL:     5   Next: 65%
Magic:  2/12       EV: 12    Int: 16    God:
Gold:   87         SH:  0    Dex: 12    Spells: 13/14 levels left

rFire   + . .      SeeInvis .     - Unarmed
rCold   x . .      Faith    .   (no shield)
rNeg    . . .      Spirit   .   g - +0 leather armour
rPois   .          Reflect  .   (no helmet)
rElec   .          Harm     .   (no cloak)
rCorr   .          Rampage  .   (no gloves)
Will    .....                   (no boots)
Stlth   +.........              (no amulet)
HPRegen 0.12/turn               d - ring of fire
MPRegen 0.13/turn               f - +4 ring of protection

@: confused
A: fangs 1, strong nose, distributed training
a: no special abilities


You were on level 4 of the Dungeon.
You visited 1 branch of the dungeon, and saw 4 of its levels.

You collected 87 gold pieces.

Inventory:

Armour
 a - a +0 robe
 g - a +0 leather armour (worn)
Jewellery
 d - a ring of fire (left hand)
 f - a +4 ring of protection (right hand)
 j - an amulet of regeneration
 m - a ring of fire
Scrolls
 b - a scroll of silence {unknown}
 c - 3 scrolls of identify {unknown}
 e - a scroll of summoning {unknown}
 k - a scroll of fog {unknown}
 l - a scroll of brand weapon {unknown}
 n - a scroll of teleportation {unknown}
 o - a scroll of amnesia {unknown}
Potions
 h - 2 potions of haste {unknown}
 i - a potion of cancellation {unknown}
 p - a potion of might {unknown}


   Skills:
 + Level 1.6 Fighting
 + Level 1.6 Short Blades
 + Level 1.6 Long Blades
 + Level 1.6 Axes
 + Level 1.6 Maces & Flails
 + Level 1.6 Polearms
 + Level 1.6 Staves
 + Level 1.6 Slings
 + Level 1.6 Bows
 + Level 1.6 Crossbows
 + Level 1.6 Throwing
 + Level 1.6 Armour
 + Level 4.8 Dodging
 + Level 4.4 Stealth
 + Level 1.6 Shields
 + Level 1.6 Unarmed Combat
 + Level 5.2 Spellcasting
 + Level 1.2 Conjurations
 + Level 1.2 Hexes
 + Level 1.2 Summonings
 + Level 1.2 Necromancy
 + Level 1.2 Translocations
 + Level 1.2 Transmutations
 + Level 1.2 Fire Magic
 + Level 7.2 Ice Magic
 + Level 1.2 Air Magic
 + Level 1.2 Earth Magic
 + Level 1.2 Poison Magic
 + Level 1.8 Invocations
 + Level 1.6 Evocations


You had 13 spell levels left.
You knew the following spells:

 Your Spells              Type           Power      Damage    Failure   Level
a - Freeze                Ice            100%       1d11      1%          1

Your spell library contained the following spells:

 Spells                   Type           Power      Damage    Failure   Level
 Frozen Ramparts          Ice            54%        1d7       3%          3
 Ozocubu's Armour         Ice            27%        N/A       3%          3
 Corpse Rot               Necr/Air       16%        N/A       19%         2
 Poisonous Vapours        Pois/Air       16%        N/A       19%         2
 Hailstorm                Conj/Ice       17%        3d6       36%         4


Dungeon Overview and Level Annotations

Branches:
Dungeon (4/15)
 Temple: D:4-7

Altars:
Qazlal


Innate Abilities, Weirdness & Mutations

You have very sharp teeth.
Your uncanny sense of smell can sniff out nearby items.
Your experience applies equally to all skills.


Message History

The orc priest is almost dead.
The orc hits you with a +0 mace.
The orc priest begins to cast a cantrip, but forgets the words!
The orc priest invokes the aid of Beogh against you.
Pain shoots through your body!
Found a tapered glass wand.
The orc priest looks satisfied for a moment.
Casting: Freeze (safe; 1% risk of failure)
Confirm with . or Enter, or press ? or * to list all spells.
Aiming: Freeze (safe; 1% risk of failure)
Press: ? - help, Shift-Dir - straight line, f - orc
Aim: an orc, wielding a +0 mace You freeze the orc!
You kill the orc!
Casting: Freeze (safe; 1% risk of failure)
Confirm with . or Enter, or press ? or * to list all spells.
You don't have enough magic to cast this spell.
The kobold throws a stone.
The stone closely misses you. The kobold hits you with a +0 club.
Casting: Freeze (safe; 1% risk of failure)
Confirm with . or Enter, or press ? or * to list all spells.
Aiming: Freeze (safe; 1% risk of failure)
Press: ? - help, Shift-Dir - straight line, f - kobold
Aim: a kobold, wielding a +0 club and quivering stones You freeze the kobold.
You kill the kobold!
The orc priest mumbles some strange prayers to Beogh against you.
Pain shoots through your body!
* * * LOW HITPOINT WARNING * * *
A magic dart appears from out of thin air!
The magic dart hits you.
* * * LOW HITPOINT WARNING * * *
The orc priest looks satisfied for a moment.
Found a golden potion.
An orc comes into view. It is wielding a +0 flail.
The orc shouts!
You are confused.
The orc priest calls down the wrath of Beogh upon you.
Beogh smites you!
You die...

........##...$.
........#.....
#....#......#. ∆
###..#o#........
#....#.......... .#
#............... .#..
#....##.........
#.../#....##.........
.....#..@###.!......#
.....o....#.o........
.#...........<###..#.
#.#.....)###)## #..
#...#..)##.).##..# .
.....##..........#
.... ##...........#
... ##.$.##...... ...
#..## ......


You could see an orc priest and an orc.

Vanquished Creatures
  A bullfrog skeleton (D:3)
  A jelly (D:3)
  An iguana (D:4)
  3 gnolls (D:2)
  An adder (D:3)
  2 worms
  A dart slug (D:1)
  3 orcs (D:4)
  5 endoplasms
  2 giant cockroaches (D:1)
  6 goblins
  4 hobgoblins
  5 quokkas
  7 ball pythons
  2 bats
  3 frilled lizards (D:1)
  3 kobolds
  7 rats
57 creatures vanquished.

Notes
Turn   | Place    | Note
-------+----------+-------------------------------------------
     0 | D:1      | Sanktem7 the Gnoll Ice Elementalist began the quest for the
                  | Orb.
     0 | D:1      | Reached XP level 1. HP: 13/13 MP: 6/6
   113 | D:1      | Reached XP level 2. HP: 11/19 MP: 2/7
   846 | D:1      | Reached XP level 3. HP: 25/25 MP: 5/9
   991 | D:1      | Reached skill level 5 in Spellcasting
  1103 | D:1      | Found a faded altar of an unknown god.
  1313 | D:2      | Reached skill level 1 in Invocations
  1314 | D:2      | Reached skill level 1 in Fighting
  1314 | D:2      | Reached skill level 1 in Short Blades
  1314 | D:2      | Reached skill level 1 in Long Blades
  1314 | D:2      | Reached skill level 1 in Axes
  1314 | D:2      | Reached skill level 1 in Maces & Flails
  1314 | D:2      | Reached skill level 1 in Polearms
  1314 | D:2      | Reached skill level 1 in Staves
  1314 | D:2      | Reached skill level 1 in Slings
  1314 | D:2      | Reached skill level 1 in Bows
  1314 | D:2      | Reached skill level 1 in Crossbows
  1314 | D:2      | Reached skill level 1 in Throwing
  1314 | D:2      | Reached skill level 1 in Armour
  1314 | D:2      | Reached skill level 1 in Shields
  1314 | D:2      | Reached skill level 1 in Unarmed Combat
  1314 | D:2      | Reached skill level 1 in Evocations
  1325 | D:2      | HP: 1/26 [gnoll (2)]
  1442 | D:2      | Reached XP level 4. HP: 10/32 MP: 7/11
  2176 | D:3      | Found a stormy altar of Qazlal.
  2225 | D:3      | Reached skill level 1 in Conjurations
  2225 | D:3      | Reached skill level 1 in Hexes
  2225 | D:3      | Reached skill level 1 in Summonings
  2225 | D:3      | Reached skill level 1 in Necromancy
  2225 | D:3      | Reached skill level 1 in Translocations
  2225 | D:3      | Reached skill level 1 in Transmutations
  2225 | D:3      | Reached skill level 1 in Fire Magic
  2225 | D:3      | Reached skill level 1 in Air Magic
  2225 | D:3      | Reached skill level 1 in Earth Magic
  2225 | D:3      | Reached skill level 1 in Poison Magic
  2692 | D:3      | Reached XP level 5. HP: 26/37 MP: 8/12
  3441 | D:4      | Killed from afar by an orc priest

Illustrated notes

Levels and vault maps discovered:
D:1:      psy_arrival_conway, layout_basic,
          hellmonk_ecumenical_altar_leap_of_faith
D:2:      layout_rooms
D:3:      layout_loops_corners, nicolae_qazlal_scattered_showers
D:4:      layout_cave_pools, yredelemnul_forgotten_temple_becter,
          minmay_misc_feat_more_columns, hangedman_decor_opposing

Skill      XL: |  1  2  3  4 |
---------------+-------------+-----
Spellcasting   | 5 |  5.2
Invocations    | 1 |  1.8
Fighting       | 1 |  1.6
Short Blades   | 1 |  1.6
Long Blades    | 1 |  1.6
Axes           | 1 |  1.6
Maces & Flails | 1 |  1.6
Polearms       | 1 |  1.6
Staves         | 1 |  1.6
Slings         | 1 |  1.6
Bows           | 1 |  1.6
Crossbows      | 1 |  1.6
Throwing       | 1 |  1.6
Armour         | 1 |  1.6
Shields        | 1 |  1.6
Unarmed Combat | 1 |  1.6
Evocations     | 1 |  1.6
Conjurations   | 1 |  1.2
Hexes          | 1 |  1.2
Summonings     | 1 |  1.2
Necromancy     | 1 |  1.2
Translocations | 1 |  1.2
Transmutations | 1 |  1.2
Fire Magic     | 1 |  1.2
Air Magic      | 1 |  1.2
Earth Magic    | 1 |  1.2
Poison Magic   | 1 |  1.2
Dodging        | |  4.8
Stealth        | |  4.4
Ice Magic      | |  7.2

Action                   |  1- 3 |  4- 6 || total
-------------------------+-------+-------++-------
Melee: Unarmed           |    19 |    20 ||    39
       Bite              |       |     4 ||     4
 Cast: Freeze            |    40 |    52 ||    92
Armor: Robe              |     5 |       ||     5
       Leather armour    |     5 |    25 ||    30
Dodge: Dodged            |    39 |    20 ||    59
